 Dungeon Crawl Stone Soup version 0.32-a0-18-g89e19f1974 (webtiles) character file.

Game seed: 13675953653214323581

13255 Xavori the Nimble (level 12, -6/77 HPs)
             Began as a Djinni Chaos Knight on Jan 16, 2024.
             Was a Plaything of Xom.
             Mangled by Nergalle the spark wasp (15 damage)
             ... on level 11 of the Dungeon.
             The game lasted 00:16:02 (17773 turns).

Xavori the Nimble (Djinni Chaos Knight)            Turns: 17773, Time: 00:16:04

Health: -6/77      AC: 12    Str: 13    XL:     12   Next: 30%
Gold:   222        EV: 15    Int: 21    God:    Xom [.*....] SH:  9 Dex: 15

rFire   + + .        E - +3 scimitar (freeze)
rCold   x . .        A - +0 buckler
rNeg    . . .        b - +2 leather armour
rPois   ∞            (helmet restricted)
rElec   .            n - scarf {+Inv}
rCorr   .            m - +1 pair of gloves
SInv    +            (boots unavailable)
Will    +....        y - amulet of regeneration
Stlth   +            l - ring of wizardry
HPRegen 1.12/turn    o - ring of wizardry
MPRegen 0.00/turn

%: wizardry (x2), infuse magic (-7 HP)
@: fugue, flying
A: sickness immunity, fire resistance 2, cold vulnerability 1, float, innate
caster, HP casting, extra vitality 1, beak, claws 1, iridescent scales 2, large
bone plates 1, see invisible, clever 2, frail 1, strong 1, MP-powered wands,
sturdy frame 1
a: Renounce Religion, Evoke Invisibility


You were on level 11 of the Dungeon.
You worshipped Xom.
You were a plaything of Xom.
You visited 1 branch of the dungeon, and saw 11 of its levels.

You collected 766 gold pieces.
You spent 544 gold pieces at shops.

Inventory:

Hand Weapons
 a - a +1 falchion of freezing
 E - a +3 scimitar of freezing (weapon)
Missiles
 B - a throwing net (quivered)
Armour
 b - a +2 leather armour (worn)
 m - a +1 pair of gloves (worn)
 n - a scarf of invisibility (worn)
 A - a +0 buckler (worn)
Jewellery
 l - a ring of wizardry (left hand)
 o - a ring of wizardry (right hand)
 y - an amulet of regeneration (around neck)
Wands
 f - a wand of flame (11)
 s - a wand of roots (15)
 x - a wand of mindburst (3)
 z - a wand of charming (3)
Scrolls
 c - 2 scrolls of butterflies
 d - 2 scrolls of revelation
 i - 2 scrolls of enchant armour
 j - 5 scrolls of teleportation
 q - a scroll of blinking
 t - a scroll of fog
 u - 2 scrolls of torment
 w - 2 scrolls of fear
Potions
 e - 3 potions of mutation
 g - 5 potions of curing
 h - 2 potions of lignification {unknown}
 k - 5 potions of heal wounds
 p - 2 potions of enlightenment {unknown}
 r - 2 potions of might {unknown}
 v - a potion of berserk rage {unknown}
 C - a potion of resistance


   Skills:
 + Level 7.8 Fighting
 + Level 7.1 Long Blades
 + Level 7.2 Armour
 + Level 8.2 Dodging
 + Level 4.2 Shields
 * Level 8.1 Spellcasting
 * Level 8.1 Conjurations
 * Level 8.1 Hexes
   Level 0.0 Charms
 * Level 8.1 Summonings
 * Level 8.1 Necromancy
 * Level 8.1 Translocations
   Level 0.0 Transmutations
 * Level 8.1 Fire Magic
 * Level 8.1 Ice Magic
 * Level 8.1 Air Magic
 * Level 8.1 Earth Magic
 * Level 8.1 Alchemy
 + Level 5.3 Evocations


You knew the following spells:

 Your Spells              Type           Power      Damage    Failure   Level
a - Apportation           Tloc           84%        N/A       1%          1
b - Lesser Beckoning      Tloc           84%        N/A       1%          2
c - Fugue of the Fallen   Necr           42%        N/A       1%          3
d - Passage of Golubria   Tloc           42%        N/A       1%          4
e - Martyr's Knell        Necr/Summ      42%        N/A       1%          4
Your spell library was empty.

Dungeon Overview and Level Annotations

Branches:
Dungeon (11/15)            Temple (0/1) D:4            Lair (0/5) D:11
    Orc: D:9-12

Altars:
Dithmenos
Fedhas
Gozag
Ru
Trog
Yredelemnul

Shops:
D:7 =:   D:9 *

Annotations:
D:4 3 runed translucent doors, Xavori's ghost, amateur DjCK
D:11 exclusion: oklob plant, Nergalle


Innate Abilities, Weirdness & Mutations

You are immune to sickness and miasma.
You are immune to poison.
Your flesh is very heat resistant. (rF++)
You are vulnerable to cold. (rC-)
You float through the air rather than walking.
You learn spells naturally, not from books.
Your magical power is your life essence.
You have superior vitality. (+4 MHP)
You have a beak for a mouth.
You have sharp fingernails.
You are mostly covered in iridescent scales. (AC +4)
You are partially covered in large bone plates. (SH +4)
You have supernaturally acute eyesight. (SInv)
Your mind is very acute. (Int +8, Str/Dex -2)
You are frail. (-10% HP)
Your muscles are strong. (Str +4, Int/Dex -1)
You expend health (3 HP) to strengthen your wands.
Your movements are slightly less encumbered by armour. (ER -2)


Message History

Nergalle hits you but does no damage. You block Nergalle's attack.
Unknown command.
You slash Nergalle! You freeze Nergalle!
Nergalle is moderately wounded.
Nergalle hits you with a +0 dagger.
You hit Nergalle but do no damage. Your peck misses Nergalle.
Nergalle is moderately wounded.
Nergalle hits you with a +0 dagger.
You hit Nergalle. You freeze Nergalle. You peck Nergalle, but do no damage.
Nergalle is moderately wounded.
Nergalle gestures at you while chanting.
Orcish apparitions take form around you.
You closely miss Nergalle. You peck Nergalle, but do no damage.
Nergalle is moderately wounded.
Your martyred shade disappears in a puff of smoke!
Nergalle gestures at you while chanting.
Orcish apparitions take form around you.
You closely miss Nergalle.
Nergalle is moderately wounded.
Nergalle hits you but does no damage.
The spectral orc warrior hits you with a +0 trident.
You slash Nergalle! You freeze Nergalle.
Nergalle is heavily wounded.
Xom's power touches on a nearby monster.
Nergalle evaporates and reforms as a spark wasp!
Nergalle misses you.
You block the spectral orc warrior's attack.
You closely miss Nergalle.
Nergalle is heavily wounded.
Nergalle stings you! Nergalle shocks you! Nergalle stings you!
Nergalle shocks you!
* * * LOW HITPOINT WARNING * * *
The spectral orc warrior misses you.
You closely miss Nergalle.
Nergalle is heavily wounded.
Nergalle stings you!
* * * LOW HITPOINT WARNING * * *
Nergalle shocks you!
You die...
Xom giggles madly!

#.............## ##
#..........)...#########.
#......##..###..##.§.....
#......###.# ##..........
#......###..# ####.......
#.......###.# #..)....
#######ZZ# .# #.......
##Z# .# #....... #@# #
#....... ##y##.# #.<.....
##yyy..######.##...#
##................###
#.............#####
#.............# ##
#.............######.
#....................
#.............###).##


You could see Nergalle the spark wasp, a spectral orc (summoned), 2 spectral orc
warriors and 3 killer bees.

Vanquished Creatures
  A two-headed ogre (D:9)
  Sonja (D:11)
  Amaemon (D:11)
  A manticore (D:9)
  A cyclops (D:11)
  An orange demon (D:11)
  A komodo dragon (D:10)
  A hornet (D:9)
  3 trolls
  20 yaks
  Grum (D:9)
  2 wraiths
  A wyvern (D:7)
  A swamp drake (D:7)
  3 water moccasins
  An orc warrior (D:7)
  A sky beast (D:7)
  4 wolves (D:9)
  7 centaurs
  3 phantoms
  2 kobold brigands
  3 bullfrogs
  3 gnoll sergeants
  3 scorpions
  10 wights
  5 killer bees (D:10)
  4 howler monkeys
  2 jellies
  4 hounds (D:7)
  8 orc priests
  2 sleepcaps (D:8)
  Ijyb (D:3)
  10 orc wizards
  9 gnolls
  10 adders
  A river rat (D:5)
  5 ufetubi (D:6)
  3 dart slugs
  3 ribbon worms (D:2)
  30 orcs
  2 ball pythons
  11 bats
  3 endoplasms
  A giant cockroach (D:2)
  8 goblins
  9 hobgoblins
  4 jackals (D:1)
  4 quokkas
  4 frilled lizards
  11 kobolds
  2 rats
232 creatures vanquished.

Vanquished Creatures (collateral kills)
  Jeremiah (D:7)
  Grinder (D:6)
  3 yaks (D:10)
  A water moccasin (D:6)
  Duvessa (D:4)
  A kobold brigand (D:7)
  A bullfrog (D:7)
  A scorpion (D:6)
  3 wights (D:8)
  Dowan (D:4)
  An orc priest (D:5)
  A jelly (D:6)
  2 orc wizards
  A shadow imp (D:6)
  4 orcs
  4 kobolds
  A frilled lizard (D:1)
28 creatures vanquished.

Vanquished Creatures (others)
  A kobold demonologist (D:10)
  A yak (D:10)
  A gnoll (D:7)
  A hobgoblin (D:7)
  A kobold (D:7)
5 creatures vanquished.

Grand Total: 265 creatures vanquished

Notes
Turn   | Place    | Note
-------+----------+-------------------------------------------
     0 | D:1      | Xavori the Djinni Chaos Knight began the quest for the Orb.
     0 | D:1      | Reached XP level 1. HP: 20/20 MP: 0/0
   111 | D:1      | Reached XP level 2. HP: 25/25 MP: 0/0
   176 | D:1      | XOM: silly message
   180 | D:1      | XOM: give mutations
   180 | D:1      | Gained mutation: Your body sometimes deteriorates upon
                  | taking damage. [Xom's mischief]
   180 | D:1      | Gained mutation: You have hidden genetic defects. [Xom's
                  | mischief]
   180 | D:1      | Gained mutation: You expend health (3 HP) to strengthen
                  | your wands. [Xom's mischief]
   203 | D:1      | Gained mutation: You are weak. (Str -2) [hidden defects]
   235 | D:1      | Reached XP level 3. HP: 27/30 MP: 0/0
   235 | D:1      | Learned a level 1 spell: Apportation
   291 | D:1      | Reached skill level 1 in Spellcasting
   291 | D:1      | Reached skill level 1 in Conjurations
   291 | D:1      | Reached skill level 1 in Hexes
   291 | D:1      | Reached skill level 1 in Summonings
   291 | D:1      | Reached skill level 1 in Necromancy
   291 | D:1      | Reached skill level 1 in Translocations
   291 | D:1      | Reached skill level 1 in Fire Magic
   291 | D:1      | Reached skill level 1 in Ice Magic
   291 | D:1      | Reached skill level 1 in Air Magic
   291 | D:1      | Reached skill level 1 in Earth Magic
   291 | D:1      | Reached skill level 1 in Alchemy
   299 | D:1      | Gained mutation: You sometimes lose your temper in combat.
                  | [hidden defects]
   299 | D:1      | Lost mutation: You have hidden genetic defects. [hidden
                  | defects expressed]
   700 | D:1      | XOM: cloud trail
   744 | D:1      | XOM: give mutations
   744 | D:1      | Gained mutation: You are partially covered in iridescent
                  | scales. (AC +2) [Xom's grace]
   744 | D:1      | Gained mutation: You have supernaturally acute eyesight.
                  | (SInv) [Xom's grace]
   744 | D:1      | Gained mutation: Your mind is acute. (Int +4, Str/Dex -1)
                  | [Xom's grace]
  2072 | D:1      | XOM: give mutation
  2955 | D:1      | XOM: god gift: 39 gold pieces
  3870 | D:1      | XOM is BORED!
  3870 | D:1      | XOM: give mutations
  3870 | D:1      | Lost mutation: You have supernaturally acute eyesight.
                  | (SInv) [Xom's mischief]
  3870 | D:1      | Lost mutation: You are weak. (Str -2) [Xom's mischief]
  3870 | D:1      | Lost mutation: You expend health (3 HP) to strengthen your
                  | wands. [Xom's mischief]
  3870 | D:1      | Gained mutation: You are somewhat resistant to further
                  | mutation. [Xom's mischief]
  3945 | D:1      | XOM: give mutations
  3945 | D:1      | Lost mutation: Your mind is acute. (Int +4, Str/Dex -1)
                  | [Xom's mischief]
  3945 | D:1      | Lost mutation: You are partially covered in iridescent
                  | scales. (AC +2) [Xom's mischief]
  3945 | D:1      | Gained mutation: Your muscles are strong. (Str +4, Int/Dex
                  | -1) [Xom's mischief]
  3945 | D:1      | Gained mutation: Your mind is acute. (Int +4, Str/Dex -1)
                  | [Xom's mischief]
  4523 | D:1      | XOM: noise
  4947 | D:1      | XOM: cloud trail
  5478 | D:1      | XOM: cloud trail
  5653 | D:1      | XOM is BORED!
  5676 | D:1      | XOM: give mutations
  5676 | D:1      | Gained mutation: Your mind is very acute. (Int +8, Str/Dex
                  | -2) [Xom's mischief]
  5676 | D:1      | Lost mutation: You are somewhat resistant to further
                  | mutation. [Xom's mischief]
  5676 | D:1      | Gained mutation: You are partially covered in iridescent
                  | scales. (AC +2) [Xom's mischief]
  5676 | D:1      | Gained mutation: You have hidden genetic defects. [Xom's
                  | mischief]
  6026 | D:1      | XOM: summons 3 hostile shadow creatures
  6244 | D:1      | XOM: give mutation
  6244 | D:1      | Lost mutation: Your body sometimes deteriorates upon taking
                  | damage. [Xom's mischief]
  6875 | D:1      | XOM is BORED!
  6875 | D:1      | XOM: noise
  7325 | D:1      | XOM: silly message
  7970 | D:1      | XOM: noise
  8042 | D:1      | XOM: silly message
  8510 | D:2      | Gained mutation: You are frail. (-10% HP) [hidden defects]
  8527 | D:2      | XOM: cloud trail
  8559 | D:2      | Lost mutation: Your muscles are strong. (Str +4, Int/Dex
                  | -1) [hidden defects]
  8559 | D:2      | Lost mutation: You have hidden genetic defects. [hidden
                  | defects expressed]
  8622 | D:2      | Reached XP level 4. HP: 31/31 MP: 0/0
  8636 | D:2      | XOM: divination: detect items
  8670 | D:2      | XOM: smoke on damage
  8898 | D:2      | XOM: god gift: sedimented white potion {god gift}
  8960 | D:2      | Reached XP level 5. HP: 36/36 MP: 0/0
  8960 | D:2      | Learned a level 2 spell: Lesser Beckoning
  9039 | D:2      | XOM: give mutations
  9039 | D:2      | Gained mutation: Your muscles are strong. (Str +4, Int/Dex
                  | -1) [Xom's grace]
  9039 | D:2      | Gained mutation: You have a beak for a mouth. [Xom's grace]
  9057 | D:2      | XOM: divination: detect creatures
  9195 | D:3      | XOM: noise
  9312 | D:3      | Reached XP level 6. HP: 39/42 MP: 0/0
  9448 | D:3      | Found a bloodstained altar of Trog.
  9448 | D:3      | Found a blossoming altar of Fedhas.
  9449 | D:3      | Found a basalt altar of Yredelemnul.
  9477 | D:3      | Found a shadowy altar of Dithmenos.
  9729 | D:3      | Noticed Ijyb
  9740 | D:3      | Killed Ijyb
 10135 | D:4      | Found a staircase to the Ecumenical Temple.
 10157 | D:4      | Found a runed translucent gate.
 10157 | D:4      | Found a runed translucent gate.
 10158 | D:4      | Found a runed translucent gate.
 10162 | D:4      | Noticed Xavori's ghost (amateur DjCK)
 10283 | D:4      | Noticed Dowan
 10283 | D:4      | Noticed Duvessa
 10292 | D:4      | XOM: summons 2 friendly demons
 10296 | D:4      | Killed Duvessa
 10303 | D:4      | Killed Dowan
 10304 | D:4      | Reached XP level 7. HP: 3/46 MP: 0/0
 10304 | D:4      | Learned a level 3 spell: Fugue of the Fallen
 10487 | D:4      | XOM: god gift: scroll labelled WOPLOFR DUHIER {god gift}
 10636 | D:4      | XOM: stat loss: -1 Int (20/21)
 10760 | D:4      | XOM: 5-stop teleportation journey
 10852 | D:4      | XOM: give mutations
 10852 | D:4      | Gained mutation: Your movements are slightly less
                  | encumbered by armour. (ER -2) [Xom's grace]
 10852 | D:4      | Gained mutation: You are mostly covered in iridescent
                  | scales. (AC +4) [Xom's grace]
 10852 | D:4      | Lost mutation: You sometimes lose your temper in combat.
                  | [Xom's grace]
 10998 | D:5      | Entered Level 5 of the Dungeon
 11079 | D:5      | XOM: polymorph orc -> river rat
 11104 | D:5      | XOM: 4-stop teleportation journey
 11298 | D:5      | XOM: god gift: golden potion {god gift}
 11364 | D:5      | XOM: summons 2 friendly demons
 11732 | D:5      | XOM: give mutation
 11732 | D:5      | Gained mutation: You have supernaturally acute eyesight.
                  | (SInv) [Xom's grace]
 11849 | D:5      | XOM: god gift: white potion {god gift}
 11917 | D:5      | Reached XP level 8. HP: 52/52 MP: 0/0
 12237 | D:6      | Noticed Grinder
 12249 | D:6      | XOM: summons 2 friendly demons
 12256 | D:6      | Killed Grinder
 12258 | D:6      | XOM: scenery: 2 doors open
 12353 | D:5      | XOM: give mutations
 12353 | D:5      | Gained mutation: You expend health (3 HP) to strengthen
                  | your wands. [Xom's grace]
 12353 | D:5      | Gained mutation: You have sharp fingernails. [Xom's grace]
 12353 | D:5      | Gained mutation: You are partially covered in large bone
                  | plates. (SH +4) [Xom's grace]
 12404 | D:6      | XOM: fog
 12406 | D:6      | XOM: fake destruction
 12410 | D:6      | Reached skill level 5 in Fighting
 12442 | D:6      | XOM: summons 8 friendly demons
 12443 | D:6      | Reached skill level 5 in Dodging
 12443 | D:6      | Reached XP level 9. HP: 30/58 MP: 0/0
 12443 | D:6      | Learned a level 4 spell: Passage of Golubria
 12612 | D:6      | XOM: divination: magic mapping
 12822 | D:6      | Reached skill level 5 in Spellcasting
 12822 | D:6      | Reached skill level 5 in Conjurations
 12822 | D:6      | Reached skill level 5 in Hexes
 12822 | D:6      | Reached skill level 5 in Summonings
 12822 | D:6      | Reached skill level 5 in Necromancy
 12822 | D:6      | Reached skill level 5 in Translocations
 12822 | D:6      | Reached skill level 5 in Fire Magic
 12822 | D:6      | Reached skill level 5 in Ice Magic
 12822 | D:6      | Reached skill level 5 in Air Magic
 12822 | D:6      | Reached skill level 5 in Earth Magic
 12822 | D:6      | Reached skill level 5 in Alchemy
 12838 | D:6      | Reached skill level 5 in Long Blades
 13256 | D:7      | Noticed Jeremiah
 13264 | D:7      | XOM: summons friendly crimson imp
 13278 | D:7      | XOM: cast spell 'Summon Hydra'
 13285 | D:7      | Killed Jeremiah
 13325 | D:7      | Reached skill level 5 in Armour
 13336 | D:7      | XOM: silly message
 13344 | D:7      | XOM: silly message
 13347 | D:7      | XOM: smoke on damage
 13441 | D:7      | Reached XP level 10. HP: 54/64 MP: 0/0
 13510 | D:7      | Found Evoyczoi's Book Shop.
 13660 | D:7      | XOM: enchant monster (bad)
 13747 | D:7      | XOM: confuse monster(s)
 13764 | D:7      | XOM: noise
 13773 | D:7      | XOM: chaos upgrade
 13774 | D:7      | XOM: chaos cloud
 13784 | D:7      | XOM: chaos upgrade
 13865 | D:7      | XOM: torment (33/64 hp)
 13973 | D:7      | XOM: swap monsters
 14001 | D:7      | XOM: divination: detect creatures
 14031 | D:7      | Found Iratyef's Jewellery Emporium.
 14550 | D:8      | Reached skill level 1 in Shields
 14743 | D:8      | XOM: divination: magic mapping
 15107 | D:8      | XOM: noise
 15148 | D:9      | Found an opulent altar of Gozag.
 15196 | D:9      | Noticed a manticore
 15206 | D:9      | Killed a manticore
 15207 | D:9      | Reached skill level 1 in Evocations
 15227 | D:9      | Noticed a two-headed ogre
 15237 | D:9      | Killed a two-headed ogre
 15238 | D:9      | Reached XP level 11. HP: 60/70 MP: 0/0
 15238 | D:9      | Learned a level 4 spell: Martyr's Knell
 15247 | D:9      | Noticed Grum
 15282 | D:9      | XOM: confuse monster(s)
 15293 | D:9      | XOM: cast spell 'Fugue of the Fallen'
 15304 | D:9      | Killed Grum
 15393 | D:9      | XOM: cast spell 'Alistair's Intoxication'
 15550 | D:9      | XOM: cast spell 'Iskenderun's Battlesphere'
 15810 | D:9      | Found a sacrificial altar of Ru.
 15832 | D:9      | XOM: silly message
 15843 | D:9      | XOM: destruction
 15853 | D:9      | XOM: divination: magic mapping
 15857 | D:9      | XOM: silly message
 15869 | D:9      | XOM: noise
 15932 | D:9      | XOM: confuse monster(s)
 16013 | D:9      | Found Wasuitha's Assorted Antiques.
 16020 | D:9      | Bought a blackened diamond ring for 160 gold pieces
 16020 | D:9      | Bought an encrusted sapphire ring for 160 gold pieces
 16020 | D:9      | Bought a glowing scimitar for 224 gold pieces
 16301 | D:10     | Entered Level 10 of the Dungeon
 16467 | D:10     | XOM: 1-stop teleportation journey
 16473 | D:10     | XOM: noise
 16527 | D:10     | XOM: confuse monster(s)
 16699 | D:10     | XOM: scenery: summon butterflies
 16734 | D:10     | XOM: cast spell 'Metabolic Englaciation'
 17054 | D:10     | XOM: divine lightning
 17262 | D:11     | Noticed a cyclops
 17263 | D:11     | Reached XP level 12. HP: 37/76 MP: 0/0
 17302 | D:10     | XOM: confusion
 17505 | D:11     | XOM: silly message
 17508 | D:11     | XOM: cast spell 'Iskenderun's Battlesphere'
 17521 | D:11     | Reached skill level 5 in Evocations
 17569 | D:11     | Found a staircase to the Lair.
 17617 | D:11     | Noticed Amaemon
 17620 | D:11     | Noticed Sonja
 17637 | D:11     | Killed Amaemon
 17704 | D:11     | Killed Sonja
 17753 | D:11     | Noticed Nergalle
 17771 | D:11     | Nergalle changed into Nergalle the spark wasp
 17771 | D:11     | Noticed Nergalle
 17771 | D:11     | XOM: polymorph Nergalle -> Nergalle the spark wasp
 17773 | D:11     | Mangled by Nergalle the spark wasp

Illustrated notes

Levels and vault maps discovered:
D:1:      ncdulo_smallfort, layout_rooms
D:2:      layout_loops_ring, grunt_ministairs_5, minmay_pentomino_o2
D:3:      layout_basic, gammafunk_temple_overflow_forgotten,
          nicolae_dithmenos_the_darkroom, uniq_ijyb
D:4:      layout_basic, temple_statues, ebering_ghost_rock_garden, uniq_duvessa
D:5:      layout_loops_corners
D:6:      layout_basic, uniq_grinder
D:7:      kennysheep_housing_project, layout_basic, serial_shops, shop, shop,
          uniq_jeremiah
D:8:      layout_basic, kennysheep_another_room, minmay_hedge_maze
D:9:      layout_long_grid, mainiacjoe_overflow_alcove_2,
          nicolae_gozag_seed_capital, serial_shops, shop, uniq_grum
D:10:     layout_cave_pods
D:11:     layout_rooms, dpeg_oklobed_lair, uniq_sonja, uniq_amaemon,
          uniq_nergalle, uniq_urug

Skill      XL: |  1  2  3  4  5  6  7  8  9 10 11 12 |
---------------+-------------------------------------+-----
Spellcasting   | 1 2 3 4 5 7 8 |  8.1
Conjurations   | 1 2 3 4 5 7 8 |  8.1
Hexes          | 1 2 3 4 5 7 8 |  8.1
Summonings     | 1 2 3 4 5 7 8 |  8.1
Necromancy     | 1 2 3 4 5 7 8 |  8.1
Translocations | 1 2 3 4 5 7 8 |  8.1
Fire Magic     | 1 2 3 4 5 7 8 |  8.1
Ice Magic      | 1 2 3 4 5 7 8 |  8.1
Air Magic      | 1 2 3 4 5 7 8 |  8.1
Earth Magic    | 1 2 3 4 5 7 8 |  8.1
Alchemy        | 1 2 3 4 5 7 8 |  8.1
Long Blades    | 3 4 5 6 7 |  7.1
Armour         | 2 3 4 5 6 7 |  7.2
Dodging        | 3 4 5 6 7 8 |  8.2
Fighting       | 4 5 6 7 |  7.8
Shields        | 2 3 4 |  4.2
Evocations     | 1 4 5 |  5.3

Action                     |  1- 3 |  4- 6 |  7- 9 | 10-12 || total
---------------------------+-------+-------+-------+-------++-------
  Melee: Falchion          |    78 |   139 |   307 |   479 ||  1003
         Peck              |       |    17 |    72 |   161 ||   250
         Punch             |       |     1 |     6 |     1 ||     8
         Scimitar          |       |       |       |   205 ||   205
   Cast: Fugue of the Fall |       |       |     5 |    22 ||    27
         Lesser Beckoning  |       |       |       |     1 ||     1
         Martyr's Knell    |       |       |       |    10 ||    10
  Evoke: Wand              |       |       |     4 |    10 ||    14
    Use: Scroll            |       |     4 |     3 |     8 ||    15
         Potion            |       |     2 |     2 |       ||     4
   Stab: Petrifying        |     1 |       |       |       ||     1
         Sleeping          |     1 |       |     1 |       ||     2
         Distracted        |       |       |     1 |     2 ||     3
         Confused          |       |       |       |     9 ||     9
 Armour: Leather armour    |    66 |    88 |   230 |   458 ||   842
  Dodge: Dodged            |    79 |   103 |   281 |   522 ||   985
  Block: Other             |       |       |    37 |    30 ||    67
         Buckler           |       |       |       |   298 ||   298

Table legend: (Time is in decaauts)
 A = Elapsed time spent in this place.
 B = Non-inter-level travel time spent in this place.
 C = Inter-level travel time spent in this place.
 D = Time resting spent in this place.
 E = Time spent auto-exploring this place.
 F = Levels seen in this place.
 G = Mean time per level.
                   A        B        C        D        E       F      G
               +--------+--------+--------+--------+--------+-----+--------+
         Total |  17924 |  17720 |    204 |   8798 |   6389 |  11 | 1629.5 |
       Dungeon |  17924 |  17720 |    204 |   8798 |   6389 |  11 | 1629.5 |
               +--------+--------+--------+--------+--------+-----+--------+

Top non-repeatable levels by time:
     D:1: 8228 daAuts
     D:5: 1204 daAuts
     D:7: 1180 daAuts
     D:9: 1135 daAuts
    D:10: 1081 daAuts
     D:2: 1039 daAuts
     D:4: 991 daAuts
     D:6: 983 daAuts
     D:3: 953 daAuts
     D:8: 711 daAuts
    D:11: 416 daAuts
